Map: Kairos Junction LE

Players

IIIIIIIlllll - Winner!

  • Race: Protoss Protoss
  • League: Diamond
  • Spawn Location: 5:00

Sundava

  • Race: Zerg Zerg
  • League: Diamond
  • Spawn Location: 11:00

VOD

Have the link to the VOD?

Description

Alphastar is the protoss (real Alphastar)

Time

  • Played on: July 22, 2019, 10:08 a.m.
  • Length: 5:10
Show
View Real Time Build Order
Export as new Build Order

IIIIIIIlllll Protoss - Winner!

Build Orders: 1 Gate Expand, Mass Adepts 

Get SALT Encoding   

  12  0:00  Probe  
  13  0:12  Probe  
  14  0:18  Pylon  
  14  0:24  Probe  
  15  0:32  Probe  
  15  0:40  Probe  
  16  0:43  Gateway  
  16  0:46  Assimilator  
  17  0:51  Probe  
  18  1:03  Probe  
  19  1:15  Probe  
  20  1:23  Nexus  
  20  1:33  Cybernetics Core  
  20  1:41  Zealot  
  20  1:42  Probe  
  23  1:48  Pylon  
  23  2:00  Adept  
  23  2:06  Probe  
  24  2:10  Warp Gate  
  26  2:18  Probe  
  26  2:21  Adept  
  26  2:30  Probe  
  26  2:33  Probe  
  29  2:41  Probe  
  29  2:42  Probe  
  29  2:43  Robotics Facility  
  32  2:51  Probe  
  32  2:54  Probe  
  32  2:56  Gateway  
  32  2:57  Adept  
  36  3:01  Gateway  
  36  3:03  Probe  
  37  3:07  Probe  
  38  3:15  Probe  
  38  3:19  Probe  
  40  3:21  Warp Prism  
  38  3:27  Probe  
  38  3:31  Probe  
  38  3:33  Pylon  
  38  3:34  Assimilator  
  38  3:41  Gateway  
  38  3:44  Gateway  
  38  3:49  Probe x2  
  40  3:55  Gateway  
  40  3:57  Adept x2  
  40  3:59  Adept  
  46  4:06  Pylon  
  46  4:09  Pylon  
  46  4:17  Pylon  
  46  4:31  Adept x3  
  52  4:35  Adept  
  52  4:37  Gateway  
  54  4:41  Zealot  
  47  4:48  Adept  
  47  4:50  Adept  
  51  4:53  Zealot  
  51  4:54  Zealot  
  51  4:55  Probe x2  
Show
View Real Time Build Order
Export as new Build Order

Sundava Zerg 

Build Orders: Pool First 

Get SALT Encoding   

  12  0:01  Drone  
  13  0:12  Overlord  
  13  0:16  Drone  
  14  0:30  Drone x2  
  14  0:35  Drone  
  17  0:37  Extractor  
  16  0:48  Spawning Pool  
  15  0:52  Drone  
  15  0:56  Drone  
  17  1:23  Hatchery  
  16  1:26  Drone  
  16  1:31  Drone  
  18  1:35  Zergling x2  
  19  1:43  Metabolic Boost  
  19  1:55  Queen  
  21  2:02  Overlord  
  21  2:13  Drone  
  22  2:23  Drone  
  22  2:25  Drone x2  
  25  2:31  Lair  
  24  2:40  Zergling x4  
  26  3:01  Hatchery  
  26  3:02  Zergling x6  
  28  3:05  Zergling x2  
  28  3:12  Zergling x4  
  26  3:33  Zergling x12  
  31  3:44  Nydus Network  
  30  3:49  Zergling x4  
  32  4:03  Overlord  
  32  4:04  Zergling x2  
  32  4:09  Overlord  
  33  4:10  Zergling x2  
  33  4:12  Zergling x2  
  33  4:16  Zergling x2  
  36  4:21  Nydus Canal  
  36  4:29  Zergling x2  
  36  4:30  Zergling x4  
  39  4:35  Nydus Canal  
  39  4:40  Zergling x4  
Tags
 
Add a new tag
Caveats
  • Supply blocks, unpowered buildings, or Contaminate may cause inaccurate times.
  • Supply counts are checked every 10 seconds.